General information
- name: BNet
- type: Ladder 1vs1/FFA
- host: Battle.net
- saver: CTperial
map: TerenasStand
- players: 2
- length: 20:40
- speed: Fast
- version: 1.26 W3XP
- replay type: Public
» download(63 KB)
Players
team 1 (winner)
CTperial (
green | 69 APM | 1436 actions | 20:40)
4 Archmage
2 Blizzard
2 Brilliance Aura
2 Blood Mage
1 Flame Strike
1 Siphon Mana
» actions
| Assign group hotkey | 43 | |
| Basic commands | 42 | |
| Build / train | 94 | |
| Enter build submenu | 42 | |
| Enter hero's abilities submenu | 6 | |
| Give item / drop item | 2 | |
| Remove unit from queue | 1 | |
| Right click | 547 | |
| Select / deselect | 400 | |
| Select group hotkey | 96 | |
| Use ability | 163 | |
1436 total
» units
| Peasant | 19 | |
| Goblin Shredder | 1 | |
| Mortar Team | 2 | |
| Sorceress | 2 | |
| Flying Machine | 3 | |
27 total
» upgrades
| Masonry | 3 | |
| Gunpowder | 1 | |
| Sorceress Training | 2 | |
| Magic Sentry | 1 | |
| Armor | 3 | |
| Storm Hammers | 1 | |
| Fragmentation Shards | 1 | |
| Flare | 1 | |
| Swords | 2 | |
| Priest Training | 1 | |
| Flak Cannons | 1 | |
| Animal War Training | 1 | |
18 total
» buildings
| Altar of Kings | 2 | |
| Farm | 8 | |
| Arcane Vault | 1 | |
| Scout Tower | 15 | |
| Arcane Tower | 4 | |
| Lumber Mill | 1 | |
| Guard Tower | 7 | |
| Town Hall | 1 | |
| Keep | 1 | |
| Blacksmith | 2 | |
| Arcane Sanctum | 2 | |
| Workshop | 2 | |
| Castle | 1 | |
| Gryphon Aviary | 4 | |
| Barracks | 1 | |
52 total
» build order
00:05 Altar of Kings
00:07 Altar of Kings
00:14 Farm
00:16 Farm
00:50 Arcane Vault
00:59 Scout Tower
01:39 Scout Tower
01:41 Arcane Tower
01:59 Farm
02:19 Arcane Tower
02:25 Lumber Mill
02:37 Farm
02:43 Scout Tower
03:00 Scout Tower
03:40 Guard Tower
04:06 Guard Tower
05:08 Town Hall
05:11 Scout Tower
05:12 Scout Tower
05:13 Scout Tower
05:19 Scout Tower
05:22 Farm
05:39 Guard Tower
05:41 Scout Tower
05:47 Scout Tower
05:49 Scout Tower
05:52 Guard Tower
06:08 Arcane Tower
06:22 Arcane Tower
06:23 Guard Tower
06:29 Scout Tower
06:29 Scout Tower
07:02 Guard Tower
07:09 Keep
07:16 Guard Tower
07:35 Blacksmith
09:13 Blacksmith
09:25 Farm
09:34 Arcane Sanctum
09:37 Workshop
09:38 Workshop
09:52 Castle
10:58 Arcane Sanctum
11:00 Farm
11:01 Gryphon Aviary
13:46 Farm
13:48 Gryphon Aviary
13:48 Gryphon Aviary
13:51 Gryphon Aviary
15:24 Barracks
17:22 Scout Tower
17:22 Scout Tower
» items
| Mechanical Critter | 2 | |
| Lesser Clarity Potion | 5 | |
| Scroll of Regeneration | 7 | |
| Potion of Invisibility | 2 | |
| Potion of Lesser Invulnerability | 1 | |
| Potion of Healing | 6 | |
| Scroll of Town Portal | 2 | |
| Boots of Speed | 1 | |
| Staff of Sanctuary | 1 | |
27 total
team 2 (loser)

»
one_puff (
red | 50 APM | 1034 actions | 20:39)
3 Blademaster
2 Critical Strike
1 Wind Walk
2 Far Seer
1 Far Sight
1 Chain Lighting
» actions
| Assign group hotkey | 3 | |
| Basic commands | 15 | |
| Build / train | 43 | |
| ESC pressed | 2 | |
| Enter build submenu | 21 | |
| Enter hero's abilities submenu | 5 | |
| Right click | 625 | |
| Select / deselect | 221 | |
| Select group hotkey | 55 | |
| Use ability | 44 | |
1034 total
» units
| Peon | 13 | |
| Grunt | 7 | |
| Demolisher | 3 | |
| Troll Batrider | 5 | |
28 total
» upgrades
| Melee Weapons | 2 | |
| Berserker Strength | 1 | |
| Ranged Weapons | 1 | |
| Liquid Fire | 1 | |
5 total
» buildings
| Altar of Storms | 1 | |
| Orc Burrow | 6 | |
| Barracks | 1 | |
| Voodoo Lounge | 1 | |
| War Mill | 2 | |
| Stronghold | 1 | |
| Great Hall | 2 | |
| Beastiary | 1 | |
| Fortress | 1 | |
| Spirit Lodge | 1 | |
17 total
» build order
00:03 Altar of Storms
00:15 Orc Burrow
00:50 Barracks
01:26 Voodoo Lounge
02:03 Orc Burrow
02:38 Orc Burrow
02:48 War Mill
02:53 War Mill
03:57 Stronghold
04:03 Orc Burrow
05:54 Great Hall
10:01 Beastiary
11:18 Fortress
12:58 Spirit Lodge
15:32 Great Hall
15:35 Orc Burrow
15:39 Orc Burrow
» items
Chat log
(01:42 / All) one_puff: can i help you
(18:54 / All) one_puff: dude you are lame
(18:56 / All) CTperial: lmfao
(19:01 / All) CTperial: you dont even tp and you cry
(19:06 / All) CTperial: btw thanks for not getting sentry wards
(19:09 / All) one_puff: i'm not crying
(19:15 / All) CTperial: they always deny
(19:16 / All) one_puff: you are just a lame person
(19:19 / All) CTperial: mm hm
(19:31 / All) one_puff: you are probably seven
(19:33 / All) CTperial: lmfao
(19:34 / All) CTperial: so mad
(19:36 / All) one_puff: so enough with the sass
(19:38 / All) CTperial: hey
(19:40 / All) CTperial: your guy died
(19:45 / All) CTperial: leave noob?
(19:46 / All) one_puff: just because you won doesn't mean you should be such a prick
(19:52 / All) CTperial: youre the one talking shit
(19:52 / All) CTperial: lol
(19:56 / All) one_puff: i'd rather make it take as long as possible3
(20:00 / All) CTperial: so
(20:01 / All) one_puff: because you are being queer
(20:05 / All) CTperial: youre gonna get revenge by wasting my time?
(20:07 / All) CTperial: lol
(20:10 / All) one_puff: yea
(20:13 / All) one_puff: pretty much
(20:18 / All) CTperial: that implies that my time is more valuable than yours
(20:23 / All) CTperial: is that what youre saying
(20:27 / All) one_puff: no
(20:32 / All) CTperial: because it sounds like it
(20:36 / All) one_puff: I just don't care
(20:38 / All) CTperial: but feel free to backpedal